 Dungeon Crawl Stone Soup version 0.30-a0-165-g1891117ce2 (webtiles) character file.

Game seed: 10828204320852486291

118 qw the Chopper (level 5, -1/32 HPs)
             Began as a Gargoyle Fighter on Sept 28, 2022.
             Killed from afar by an orc wizard (6 damage)
             ... with a puff of flame
             ... on level 2 of the Dungeon.
             The game lasted 00:00:56 (2329 turns).

qw the Chopper (Gargoyle Fighter)                   Turns: 2329, Time: 00:00:57

Health: -1/32      AC: 15    Str: 21    XL:     5   Next: 2%
Magic:  5/5        EV:  5    Int:  9    God:
Gold:   109        SH:  4    Dex:  9    Spells: 4/4 levels left

rFire   . . .      SeeInvis .    Y - +0 war axe (vorpal)
rCold   . . .      Faith    .    c - +0 buckler
rNeg    + . .      Spirit   .    i - +0 plate armour
rPois   inf        Reflect  .    (no helmet)
rElec   +          Harm     .    (no cloak)
rCorr   .          Rampage  .    (no gloves)
Will    .....                    (no boots)
Stlth   ..........               (no amulet)
HPRegen 0.10/turn                (no ring)
MPRegen 0.09/turn                (no ring)

@: no status effects
A: sickness immunity, AC +4, negative energy resistance 1, electricity
resistance, torment resistance 1, petrification resistance
a: no special abilities


You were on level 2 of the Dungeon.
You visited 1 branch of the dungeon, and saw 3 of its levels.

You collected 109 gold pieces.


Innate Abilities, Weirdness & Mutations

You are immune to sickness and miasma.
Your stone body is resilient. (AC +4)
You are immune to poison.
You resist negative energy. (rN+)
You are resistant to electric shocks. (rElec)
You are resistant to unholy torment.
You are immune to petrification.


   Skills:
 - Level 3.2 Fighting
 + Level 4.5 Axes
 - Level 3.2 Armour
 - Level 3.2 Shields


You had 4 spell levels left.
You didn't know any spells.
Your spell library was empty.

Inventory:

Hand Weapons
 f - a +0 flail
 Y - a +0 vorpal war axe (weapon)
Armour
 c - a +0 buckler (worn)
 i - a +0 plate armour (worn)
Scrolls
 a - a scroll of identify
Potions
 d - a potion of might

Dungeon Overview and Level Annotations

Branches:
Dungeon (3/15)

Altars:

Shops:
D:1 (


Message History

A magic dart appears from out of thin air!
The magic dart hits you but does no damage.
You miss something.
You hear some strange, mumbled words.
Something tries to affect you, but you resist.
Something hits you but does no damage.
You closely miss something.
You hear some strange, mumbled words.
You are confused.
You're too confused to attack without stumbling around!
There is a strange disturbance nearby!
Something hits you but does no damage.
You're too confused to attack without stumbling around!
There is a strange disturbance nearby!
Something hits you but does no damage.
You're too confused to attack without stumbling around!
There is a strange disturbance nearby!
Something hits you but does no damage.
You're too confused to attack without stumbling around!
There is a strange disturbance nearby!
Something hits you but does no damage.
You're too confused to attack without stumbling around!
There is a strange disturbance nearby!
You hear some strange, mumbled words.
A magic dart appears from out of thin air!
The magic dart hits you!
You're too confused to attack without stumbling around!
There is a strange disturbance nearby!
You feel less confused.
You hear some strange, mumbled words.
A puff of flame appears from out of thin air!
The puff of flame hits you.
You barely miss something. Something hits you.
You closely miss something. Something hits you but does no damage.
You hear some strange, mumbled words.
A puff of flame appears from out of thin air!
The puff of flame hits you.
You die...

#...# #..##.##.#.......#.......
##...####))##.##.##.#....<###.###
.....).....##.##..........###.###
.................##.......##.#...
...........##.#######.....###.###
##...########.# #.....# ### #
#...# ###.#### ####### # #...#
#....).# # #...# #.#.##@# ### #
#...# #.#.##{######.## #
#...######.#.##.#.......########
###..............#.##............
.).#.###.#.......#.##....########
##.#.###.#..#.........#..#
#............##.#.#####.#
##.#.###.#..#.##.#.......#
...#.............#########


There were no monsters in sight!

Vanquished Creatures
  3 gnolls (D:2)
  2 adders (D:2)
  A worm (D:1)
  3 dart slugs
  3 orcs (D:2)
  3 bats
  4 endoplasms (D:1)
  A giant cockroach (D:1)
  4 goblins
  5 hobgoblins
  3 jackals (D:2)
  4 quokkas
  7 ball pythons
  4 frilled lizards
  5 kobolds
  7 rats
59 creatures vanquished.

Notes
Turn   | Place    | Note
-------+----------+-------------------------------------------
     0 | D:1      | qw the Gargoyle Fighter began the quest for the Orb.
     0 | D:1      | Reached XP level 1. HP: 14/14 MP: 1/1
     0 | D:1      | 0 ||| qw: Version: 0.2-a-12-gaebbb33
     0 | D:1      | 0 ||| qw: Game counter: 876
     0 | D:1      | 0 ||| qw: Always use a shield: true
     0 | D:1      | 0 ||| qw: God list: Okawaru
     0 | D:1      | 0 ||| qw: Allow faded altars: false
     0 | D:1      | 0 ||| qw: Do Orc after D:15 true
     0 | D:1      | 0 ||| qw: Do second Lair branch before Depths: true
     0 | D:1      | 0 ||| qw: Lair rune preference: random
     0 | D:1      | 0 ||| qw: Plans: Normal, Zot:1-4, God:TSO, Crypt, Tomb,
                  | Pan, Slime:5, Hells, Abyss, Orb
     0 | D:1      | 0 ||| PLANNING D:1-11
    50 | D:1      | Reached skill level 2 in Axes
   190 | D:1      | Reached XP level 2. HP: 19/19 MP: 2/2
   429 | D:1      | Found Nosujugo's Weapon Shoppe.
   435 | D:1      | 435 ||| SHOPLISTING +0 flail (42 gold, have 29).
   435 | D:1      | 435 ||| SHOPLISTING +1 whip of venom (120 gold, have 29).
   458 | D:1      | 458 ||| Stepping ~*~*~tactically~*~*~ (hiding).
   625 | D:1      | Reached skill level 3 in Axes
   660 | D:1      | Reached XP level 3. HP: 23/23 MP: 3/3
   944 | D:1      | Found a faded altar of an unknown god.
  1064 | D:1      | 1064 ||| UPGRADING to +0 plate armour.
  1074 | D:1      | 1074 ||| DROPPING +0 scale mail.
  1075 | D:1      | 1075 ||| READING 2 scrolls labelled NUAZOU PEADGHA.
  1076 | D:1      | 1076 ||| READING scroll labelled KETEOF BUDUI.
  1077 | D:1      | 1077 ||| READING scroll labelled XOILANG ROPNU.
  1078 | D:1      | 1078 ||| DROPPING scroll of immolation.
  1109 | D:2      | 1109 ||| STAIRDANCE
  1262 | D:2      | 1262 ||| Stepping ~*~*~tactically~*~*~ (stealth).
  1310 | D:2      | 1310 ||| Stepping ~*~*~tactically~*~*~ (stealth).
  1314 | D:2      | 1314 ||| Stepping ~*~*~tactically~*~*~ (stealth).
  1315 | D:2      | 1315 ||| Stepping ~*~*~tactically~*~*~ (stealth).
  1317 | D:2      | Reached XP level 4. HP: 28/28 MP: 4/4
  1325 | D:2      | Reached skill level 4 in Axes
  1327 | D:2      | HP: 3/28 [gnoll/+0 flail (5)]
  1330 | D:2      | HP: 1/28 [constriction (1)]
  1630 | D:2      | 1630 ||| DROPPING +0 club.
  1721 | D:2      | 1721 ||| Stepping ~*~*~tactically~*~*~ (stealth).
  2084 | D:2      | 2084 ||| Stepping ~*~*~tactically~*~*~ (stealth).
  2204 | D:2      | 2204 ||| READING scroll labelled EMYDIU YBLI.
  2205 | D:2      | 2205 ||| READING scroll labelled ZIMOTR ALOFF.
  2226 | D:3      | 2226 ||| FLEEEEING.
  2227 | D:3      | 2227 ||| FLEEEEING.
  2228 | D:3      | 2228 ||| STAIRDANCE
  2230 | D:3      | 2230 ||| STAIRDANCE
  2285 | D:2      | 2285 ||| READING 2 scrolls of identify.
  2285 | D:2      | 2285 ||| IDENTIFYING bubbling white potion
  2286 | D:2      | 2286 ||| DROPPING potion of ambrosia.
  2289 | D:3      | 2289 ||| STAIRDANCE
  2292 | D:2      | Reached XP level 5. HP: 30/32 MP: 5/5
  2310 | D:3      | 2310 ||| STAIRDANCE
  2326 | D:2      | HP: 7/32 [something/magic dart (7)]
  2329 | D:2      | Killed from afar by an orc wizard

Levels and vault maps discovered:
D:1:      dpeg_arrival_brainrot, layout_basic, serial_shops,
          nicolae_shop_bloodbath_and_beyond, hellmonk_ecumenical_altar_blasted
D:2:      layout_loops_cross
D:3:      layout_rooms, mainiacjoe_overflow_tiny_flanked, grunt_ministairs_5,
          hex_large

Skill      XL: |  1  2  3  4 |
---------------+-------------+-----
Axes           | 2 3 4 |  4.5
Fighting       | |  3.2
Armour         | |  3.2
Shields        | |  3.2

Action                   |  1- 3 |  4- 6 || total
-------------------------+-------+-------++-------
Melee: War axe           |   115 |    73 ||   188
  Use: Scroll            |     3 |     3 ||     6
Armor: Scale mail        |    22 |       ||    22
       Plate armour      |    47 |    65 ||   112
Dodge: Dodged            |    45 |    14 ||    59
Block: Buckler           |    21 |    10 ||    31

Table legend:
 A = Non-vault XP
 B = Vault XP
 C = Vault XP percentage of total XP
 D = Non-vault monster count
 E = Vault monster count
 F = Vault count percentage of total count
                 A         B        C        D         E       F
            +---------+---------+-------+---------+---------+-------
      Total |     164 |       5 |   3.0 |      58 |       1 |   1.7
            +---------+---------+-------+---------+---------+-------
        D:1 |      42 |       5 |  10.6 |      25 |       1 |   3.8
        D:2 |     121 |       0 |   0.0 |      32 |       0 |   0.0
        D:3 |       1 |       0 |   0.0 |       1 |       0 |   0.0
            +---------+---------+-------+---------+---------+-------
